 Adventure DCSS version bcrawl-1.18.1 (webtiles) character file.

Game seed: 5353430693566968527

449 Leeroy the Poker (level 6, 0/37 HPs)
             Began as a Skeleton Reaver on Nov 9, 2019.
             Was a Priest of Vehumet.
             Slain by an ice beast (4 damage)
             ... on level 6 of the Dungeon.
             The game lasted 00:22:54 (5476 turns).

Leeroy the Poker (Skeleton Reaver)                  Turns: 5476, Time: 00:22:55

Health: 0/37       AC:  7    Str: 18      XL:     6   Next: 74%
Magic:  0/10       EV: 12    Int: 13 (14) God:    Vehumet [***...]
Gold:   264        SH:  0    Dex:  5 (7)  Spells: 2/11 levels left
                                        Lives:  0   Deaths: 2

rFire    . . .     SeeInvis .   G - +2 spear (venom)
rCold    + . .     Gourm    .   (no shield)
rNeg     + + +     Faith    .   b - +1 steam dragon scales
rPois    ∞         Spirit   +   (no helmet)
rElec    .         Reflect  .   (no cloak)
rCorr    .         Harm     .   (no gloves)
MR       .....                  w - +0 pair of boots
Stlth    +.........             (no amulet)
HPRegen  0.12/turn              (no ring)
MPRegen  0.12/turn              (no ring)

@: marked, very slightly contaminated
A: no food or potions, cold resistance 1, deterioration 1, negative energy
resistance 3, powered by death 1, torment resistance, unbreathing, magic shield,
sturdy frame 1, spell healing
a: Renounce Religion


You were on level 6 of the Dungeon.
You worshipped Vehumet.
Vehumet was most pleased with you.
You were not hungry.

You visited 1 branch of the dungeon, and saw 7 of its levels.

You collected 264 gold pieces.

Inventory:

Hand Weapons
 a - a +0 long sword
 d - a +0 club
 e - a +0 dagger
 j - a +0 club
 k - a +0 hunting sling
 n - a +0 dagger
 p - a +0 dagger
 q - a -3 mace
 v - a +0 spear
 x - a +0 falchion
 y - a +0 club
 A - a +0 war axe
 B - a +0 trident
 G - a +2 spear of venom (weapon)
 J - a +0 quarterstaff
 M - a +0 shortbow
 N - a -2 rapier
Missiles
 f - 193 bolts
 r - 603 stones (quivered)
 t - 702 sling bullets
 C - 729 arrows
Armour
 b - +1 steam dragon scales (worn)
 g - a +0 scale mail
 w - a +0 pair of boots (worn)
Jewellery
 s - an uncursed amulet of the gourmand
 O - an uncursed ring of ice {unknown}
Wands
 u - a wand of scattershot (8)
 D - a wand of random effects (13)
 H - a wand of flame (11)
Scrolls
 c - 5 scrolls of immolation
 o - a scroll of magic mapping
 F - a scroll of fear
 I - a scroll of enchant armour
 L - 3 scrolls of remove curse
Potions
 h - a potion of berserk rage {unknown}
 i - 2 potions of curing {unknown}
 l - a potion of magic {unknown}
 z - 2 potions of brilliance {unknown}
 E - 2 potions of mutation {unknown}
Comestibles
 m - 11 rations {!d}


   Skills:
 - Level 3.0 Fighting
 - Level 7.0 Long Blades
 + Level 7.3 Polearms
 - Level 3.0 Dodging
 - Level 3.0 Spellcasting
 - Level 2.7 Conjurations
 - Level 0.7 Earth Magic


You had 2 spell levels left.
You knew the following spells:

 Your Spells              Type           Power        Failure   Level  Hunger
a - Shock                 Conj/Air       #....        3%          1    N/A
b - Sandblast             Erth           #.....       4%          1    N/A
c - Iskenderun's Battles  Conj/Chrm      #.......     63%         5    N/A
d - Throw Frost           Conj/Ice       #.....       5%          2    N/A

Your spell library contained the following spells:

 Spells                   Type           Power        Failure   Level  Hunger


Dungeon Overview and Level Annotations

Branches:
Dungeon (7/12)
 Temple: D:4-7         Lair: D:7-9

Altars:
Dithmenos
The Shining One

Shops:
D:4 [

Annotations:
D:5 Prince Ribbit


Innate Abilities, Weirdness & Mutations

You do not eat or drink.
You are immune to poison.
Your flesh is cold resistant. (rC+)
Your body sometimes deteriorates upon taking damage.
You are immune to negative energy. (rN+++)
You regenerate a little health from kills.
You are immune to unholy pain and torment.
You can survive without breathing.
When hurt, damage is shared between your health and your magic reserves.
Your movements are slightly less encumbered by armour. (ER -2)
Casting spells heals you.


Message History

As you read the scroll of enchant armour, it crumbles to dust.
Your +0 steam dragon scales glow green for a moment.
The ice beast hits you. The ice beast freezes you. You resist.
* * * LOW HITPOINT WARNING * * *
The centaur zombie hits you.
* * * LOW HITPOINT WARNING * * *
Okay, then.
You already know all available spells.
You hit the centaur zombie.
The centaur zombie is severely damaged.
The centaur zombie misses you. The ice beast closely misses you.
You hit the centaur zombie.
The centaur zombie is almost destroyed.
The centaur zombie hits you but does no damage.
You hit the centaur zombie.
The centaur zombie is almost destroyed.
The ice beast hits you.
* * * LOW HITPOINT WARNING * * *
The ice beast freezes you. You resist.
You die...

####### #.# #.≈
#..>..# #.##..
#.....####.#.#
#............#
#.....##.....#
#....[###hSa#...
####.### ##O## #....#
#Y# #.#..# #@# #...#
#Z# ######.### ...
#........## .....
#.......<.# .!.....
##..#...#..#.........
...........+.........+
##..#...#..#.........#
#..##.##..#


You could see an ice beast, an ogre, a howler monkey, a worker ant, an adder and
a centaur zombie.

Vanquished Creatures
  A necrophage (D:6)
  A sky beast (D:4)
  A centaur (D:5)
  A bullfrog (D:7)
  A howler monkey (D:5)
  A bullfrog zombie (D:5)
  2 hounds
  An orc wizard (D:3)
  A centaur skeleton (D:4)
  An iguana (D:3)
  A worker ant (D:5)
  2 hound skeletons (D:4)
  A gnoll (D:7)
  6 adders
  An adder skeleton (D:4)
  5 worms
  2 dart slugs
  4 leopard geckos
  7 orcs
  8 bats
  3 giant cockroaches
  6 goblins
  15 hobgoblins
  9 jackals
  10 kobolds
  5 quokkas
  A ball python (D:2)
  6 frilled lizards
  3 rats
106 creatures vanquished.

Notes
Turn   | Place    | Note
-------+----------+-------------------------------------------
     0 | D:1      | Leeroy the Skeleton Reaver began the quest for the Orb.
     0 | D:1      | Reached XP level 1. HP: 14/14 MP: 4/4
   206 | D:1      | Reached XP level 2. HP: 19/19 MP: 6/6
   359 | D:1      | Reached * piety under Vehumet
   359 | D:1      | Offered knowledge of Shock by Vehumet.
   359 | D:1      | Reached skill level 5 in Long Blades
   362 | D:1      | Reached XP level 3. HP: 23/23 MP: 7/7
   365 | D:1      | Learned a level 1 spell: Shock
  1360 | D:2      | Reached skill level 1 in Conjurations
  1724 | D:2      | Reached XP level 4. HP: 26/28 MP: 5/8
  1930 | D:2      | Offered knowledge of Sandblast by Vehumet.
  1933 | D:2      | Learned a level 1 spell: Sandblast
  2116 | D:3      | Reached ** piety under Vehumet
  2347 | D:4      | Reached XP level 5. HP: 29/32 MP: 6/9
  2354 | D:4      | Learned a level 5 spell: Iskenderun's Battlesphere
  2631 | D:3      | Found a glowing golden altar of the Shining One.
  2781 | D:4      | Found Huysal's Armour Shoppe.
  2837 | D:4      | Offered knowledge of Throw Frost by Vehumet.
  2851 | D:3      | Slain by an iguana
  2852 | D:3      | Reached XP level 4. HP: -5/28 MP: 0/8
  2966 | D:3      | Reached skill level 1 in Polearms
  2966 | D:3      | Reached XP level 5. HP: 23/32 MP: 6/9
  3842 | D:4      | Reached *** piety under Vehumet
  3849 | D:4      | Noticed a sky beast
  3859 | D:4      | Killed a sky beast
  3859 | D:4      | Gained mutation: You regenerate a little health from kills.
                  | [Skeleton growth]
  3859 | D:4      | Reached XP level 6. HP: 27/37 MP: 5/10
  4091 | D:5      | Entered Level 5 of the Dungeon
  4265 | D:5      | Reached skill level 5 in Polearms
  4281 | D:5      | Found Iriedyfe's Food Emporium.
  4457 | D:5      | Noticed Prince Ribbit
  4476 | D:4      | Learned a level 2 spell: Throw Frost
  4640 | D:6      | Found a shadowy altar of Dithmenos.
  4681 | D:5      | Slain by Prince Ribbit
  4682 | D:5      | Reached XP level 5. HP: -2/32 MP: 0/9
  4702 | D:6      | Reached XP level 6. HP: 35/37 MP: 10/10
  5052 | D:7      | Noticed an ice beast
  5476 | D:6      | Slain by an ice beast

Skill      XL: |  1  2  3  4  5  6 |
---------------+-------------------+-----
Long Blades    | 4 5 6 7 |  7.0
Conjurations   | 1 2 |  2.7
Polearms       | 1 4 7 |  7.3
Fighting       | |  3.0
Dodging        | |  3.0
Spellcasting   | |  3.0
Earth Magic    | |  0.7

Action                   |  1- 3 |  4- 6 || total
-------------------------+-------+-------++-------
Melee: Long sword        |   175 |    96 ||   271
       Quarterstaff      |       |    24 ||    24
       Spear             |       |   127 ||   127
Throw: Stone             |       |     2 ||     2
 Cast: Shock             |    22 |    26 ||    48
       Sandblast         |       |    40 ||    40
       Throw Frost       |       |     2 ||     2
  Use: Scroll            |     2 |    12 ||    14
Armor: Steam dragon scal |    74 |    75 ||   149
Dodge: Dodged            |   159 |   172 ||   331
Block: Other             |     1 |     1 ||     2
